 
                        
                    2053 views
Uploaded 2019-12-02 02:08:25
Game version 1.32.0.3 / 1.32.0.3.1
45:49 long 3on3 ladder game on (8)Mur'gulOasis_LV
Saved by BEARAND
                        
                         
                     
                        
                    2053 views
Uploaded 2019-12-02 02:08:25
Game version 1.32.0.3 / 1.32.0.3.1
45:49 long 3on3 ladder game on (8)Mur'gulOasis_LV
 
     
     
     
     
     
     
     
 
    
 
    
 
     
 189 units @ 30.5k
            
            
                189 units @ 30.5k  / 5.2k
 / 5.2k  69 buildings @ 11.1k
            
            
                69 buildings @ 11.1k  / 4.6k
 / 4.6k  
            
        

 
                         
                             
                             
                             
                         
                             
                            | Staff of Preservation | 2 | 300 | 
| Moonstone | 3 | 150 | 
| Scroll of Town Portal | 3 | 1050 | 
| total: | 8 | 1500g | 
| Wisp | 20 | 1200 | / | 0 | 
| Archer | 11 | 1430 | / | 110 | 
| Huntress | 6 | 1170 | / | 120 | 
| Dryad | 6 | 870 | / | 360 | 
| Mountain Giant | 3 | 1050 | / | 300 | 
| Chimaera | 16 | 5280 | / | 1120 | 
| total: | 62 | 11000g | / | 2010w | 
| Ancient Protector | 7 | 945 | / | 560 | 
| Altar of Elders | 1 | 180 | / | 50 | 
| Moon Well | 9 | 1620 | / | 360 | 
| Ancient of War | 1 | 150 | / | 60 | 
| Ancient of Wonders | 3 | 270 | / | 90 | 
| Hunter's Hall | 2 | 420 | / | 200 | 
| Ancient of Lore | 3 | 465 | / | 435 | 
| Chimaera Roost | 2 | 280 | / | 380 | 
| Tree of Ages | 1 | 320 | / | 180 | 
| Tree of Eternity | 1 | 330 | / | 200 | 
| total: | 28 | 4330g | / | 2135w | 
| 0:08 | Altar of Elders | 
| 0:15 | Moon Well | 
| 0:17 | Wisp | 
| 0:18 | Wisp | 
| 0:37 | Ancient of War | 
| 0:39 | Wisp | 
| 0:47 | Wisp | 
| 0:58 | Wisp | 
| 1:16 | Wisp | 
| 1:19 | Wisp | 
| 1:40 | Archer | 
| 1:42 | Moon Well | 
| 1:57 | Ancient of Wonders | 
| 2:00 | Ancient of Wonders | 
| 2:02 | Ancient of Wonders | 
| 2:04 | Wisp | 
| 2:07 | Archer | 
| 2:11 | Force of Nature | 
| 2:36 | Archer | 
| 2:39 | Hunter's Hall | 
| 3:10 | Tree of Ages | 
| 3:14 | Moon Well | 
| 3:17 | Archer | 
| 3:30 | Entangling Roots | 
| 3:41 | Archer | 
| 4:39 | Hunter's Hall | 
| 4:59 | Archer | 
| 5:04 | Moon Well | 
| 5:20 | Force of Nature | 
| 5:45 | Wisp | 
| 5:45 | Wisp | 
| 5:46 | Wisp | 
| 5:50 | Staff of Preservation | 
| 5:52 | Moonstone | 
| 5:56 | Ancient of Lore | 
| 5:57 | Ancient of Lore | 
| 5:59 | Ancient of Lore | 
| 6:06 | Wisp | 
| 6:10 | Huntress | 
| 6:21 | Strength of the Wild | 
| 6:33 | Ultravision | 
| 6:58 | Huntress | 
| 7:37 | Huntress | 
| 7:39 | Moon Glaive | 
| 7:44 | Dryad | 
| 7:47 | Abolish Magic | 
| 8:18 | Trueshot Aura | 
| 8:42 | Huntress | 
| 10:04 | Improved Strength of the Wild | 
| 10:04 | Tree of Eternity | 
| 10:11 | Moon Well | 
| 10:12 | Moon Well | 
| 10:34 | Searing Arrows | 
| 11:29 | Huntress | 
| 11:29 | Huntress | 
| 11:31 | Mountain Giant | 
| 11:32 | Mountain Giant | 
| 11:38 | Mountain Giant | 
| 11:40 | Reinforced Hides | 
| 11:49 | Archer | 
| 11:49 | Archer | 
| 11:50 | Archer | 
| 12:01 | Moon Well | 
| 12:02 | Moon Well | 
| 12:13 | Trueshot Aura | 
| 12:16 | Moonstone | 
| 12:21 | Entangling Roots | 
| 12:26 | Hardened Skin | 
| 12:33 | Chimaera Roost | 
| 12:43 | Archer | 
| 12:53 | Dryad | 
| 12:59 | Resistant Skin | 
| 13:11 | Archer | 
| 13:35 | Chimaera Roost | 
| 13:48 | Dryad | 
| 14:54 | Corrosive Breath | 
| 14:59 | Chimaera | 
| 16:06 | Chimaera | 
| 16:57 | Chimaera | 
| 17:59 | Chimaera | 
| 18:48 | Chimaera | 
| 19:41 | Chimaera | 
| 19:55 | Moonstone | 
| 20:02 | Moon Well | 
| 21:04 | Chimaera | 
| 22:30 | Chimaera | 
| 23:34 | Chimaera | 
| 28:06 | Thorns Aura | 
| 28:24 | Wisp | 
| 29:05 | Wisp | 
| 29:08 | Ancient Protector | 
| 29:44 | Searing Arrows | 
| 29:48 | Wisp | 
| 29:50 | Ancient Protector | 
| 30:14 | Wisp | 
| 30:17 | Ancient Protector | 
| 30:31 | Ancient Protector | 
| 30:32 | Wisp | 
| 31:14 | Wisp | 
| 31:18 | Ancient Protector | 
| 31:54 | Ancient Protector | 
| 31:55 | Wisp | 
| 31:55 | Wisp | 
| 31:58 | Ancient Protector | 
| 33:35 | Well Spring | 
| 33:38 | Advanced Strength of the Wild | 
| 34:40 | Chimaera | 
| 35:05 | Dryad | 
| 37:26 | Staff of Preservation | 
| 37:27 | Scroll of Town Portal | 
| 37:33 | Chimaera | 
| 38:09 | Chimaera | 
| 39:21 | Chimaera | 
| 39:24 | Dryad | 
| 40:23 | Chimaera | 
| 42:56 | Dryad | 
| 44:02 | Chimaera | 
| 44:05 | Chimaera | 
| 44:10 | Improved Reinforced Hides | 
| 45:34 | Scroll of Town Portal | 
| 45:38 | Scroll of Town Portal | 
| Right click | 1793 | 
| Select | 436 | 
| Select group | 358 | 
| Build/train/purchase | 112 | 
| Assign group | 96 | 
| Use ability | 82 | 
| Misc. action | 30 | 
| Minimap ping | 10 | 
| Remove unit | 6 | 
| Resource trade | 5 | 
| Esc | 3 | 
| Item give/drop | 1 | 

 
                         
                             
                             
                            | Rod of Necromancy | 1 | 150 | 
| total: | 1 | 150g | 
| Acolyte | 25 | 1875 | / | 0 | 
| Ghoul | 7 | 840 | / | 0 | 
| Crypt Fiend | 14 | 3010 | / | 560 | 
| Frost Wyrm | 7 | 2695 | / | 840 | 
| total: | 53 | 8420g | / | 1400w | 
| Nerubian Tower | 1 | 100 | / | 20 | 
| Altar of Darkness | 1 | 180 | / | 50 | 
| Ziggurat | 9 | 1350 | / | 450 | 
| Crypt | 2 | 400 | / | 100 | 
| Tomb of Relics | 1 | 130 | / | 30 | 
| Graveyard | 1 | 215 | / | 0 | 
| Sacrificial Pit | 1 | 75 | / | 150 | 
| Boneyard | 1 | 175 | / | 200 | 
| Halls of the Dead | 1 | 320 | / | 210 | 
| Black Citadel | 1 | 325 | / | 230 | 
| total: | 16 | 2525g | / | 980w | 
| 0:03 | Acolyte | 
| 0:05 | Altar of Darkness | 
| 0:07 | Ziggurat | 
| 0:11 | Acolyte | 
| 0:21 | Acolyte | 
| 0:35 | Crypt | 
| 0:44 | Acolyte | 
| 1:03 | Tomb of Relics | 
| 1:10 | Ziggurat | 
| 1:36 | Ghoul | 
| 1:54 | Ghoul | 
| 2:01 | Graveyard | 
| 2:06 | Ghoul | 
| 2:11 | Sleep | 
| 2:13 | Rod of Necromancy | 
| 2:29 | Ghoul | 
| 2:39 | Ziggurat | 
| 2:54 | Ghoul | 
| 3:01 | Ghoul | 
| 3:30 | Ghoul | 
| 3:33 | Creature Attack | 
| 3:43 | Vampiric Aura | 
| 3:50 | Crypt Fiend | 
| 4:11 | Crypt Fiend | 
| 4:30 | Crypt Fiend | 
| 4:39 | Creature Carapace | 
| 4:57 | Ziggurat | 
| 5:27 | Crypt Fiend | 
| 6:04 | Crypt Fiend | 
| 6:08 | Vampiric Aura | 
| 6:56 | Crypt Fiend | 
| 7:15 | Crypt Fiend | 
| 7:37 | Crypt Fiend | 
| 7:39 | Halls of the Dead | 
| 7:43 | Crypt | 
| 7:51 | Nerubian Tower | 
| 9:04 | Ziggurat | 
| 9:05 | Ziggurat | 
| 9:53 | Sleep | 
| 10:01 | Black Citadel | 
| 10:02 | Improved Creature Attack | 
| 10:04 | Sacrificial Pit | 
| 10:25 | Burrow | 
| 10:29 | Web | 
| 11:20 | Crypt Fiend | 
| 11:26 | Improved Creature Carapace | 
| 11:51 | Crypt Fiend | 
| 12:15 | Crypt Fiend | 
| 12:18 | Ziggurat | 
| 12:33 | Boneyard | 
| 12:39 | Advanced Creature Attack | 
| 13:03 | Crypt Fiend | 
| 14:39 | Freezing Breath | 
| 15:39 | Crypt Fiend | 
| 15:58 | Frost Wyrm | 
| 17:33 | Ziggurat | 
| 18:53 | Crypt Fiend | 
| 18:55 | Frost Wyrm | 
| 20:06 | Frost Wyrm | 
| 23:45 | Advanced Creature Carapace | 
| 23:47 | Frost Wyrm | 
| 24:21 | Vampiric Aura | 
| 26:47 | Frost Wyrm | 
| 26:52 | Acolyte | 
| 27:47 | Acolyte | 
| 28:23 | Acolyte | 
| 28:49 | Acolyte | 
| 29:28 | Acolyte | 
| 30:04 | Frost Wyrm | 
| 31:52 | Frost Wyrm | 
| 34:59 | Acolyte | 
| 34:59 | Acolyte | 
| 36:18 | Acolyte | 
| 37:12 | Acolyte | 
| 37:12 | Acolyte | 
| 37:29 | Acolyte | 
| 37:56 | Acolyte | 
| 38:17 | Acolyte | 
| 38:25 | Acolyte | 
| 40:01 | Acolyte | 
| 40:01 | Acolyte | 
| 41:19 | Acolyte | 
| 41:19 | Acolyte | 
| 41:37 | Ziggurat | 
| 41:53 | Acolyte | 
| 42:02 | Acolyte | 
| 43:47 | Inferno | 
| 44:04 | Acolyte | 
| Right click | 1476 | 
| Select | 529 | 
| Select group | 338 | 
| Assign group | 244 | 
| Build/train/purchase | 99 | 
| Use ability | 45 | 
| Minimap ping | 41 | 
| Misc. action | 18 | 
| Chat | 4 | 
| Item give/drop | 3 | 
| Remove unit | 3 | 


 
                         
                             
                             
                             
                         
                             
                             
                            | Healing Salve | 12 | 1200 | 
| Lesser Clarity Potion | 3 | 210 | 
| Potion of Mana | 4 | 800 | 
| Scroll of Healing | 6 | 1500 | 
| Potion of Lesser Invulnerability | 1 | 150 | 
| total: | 26 | 3860g | 
| Peon | 22 | 1650 | / | 0 | 
| Grunt | 7 | 1400 | / | 0 | 
| Raider | 8 | 1440 | / | 320 | 
| Shaman | 11 | 1430 | / | 220 | 
| Troll Headhunter | 2 | 280 | / | 40 | 
| Tauren | 10 | 2800 | / | 800 | 
| Troll Berserker | 9 | 1260 | / | 180 | 
| Troll Witch Doctor | 1 | 145 | / | 25 | 
| Troll Batrider | 4 | 640 | / | 160 | 
| total: | 74 | 11045g | / | 1745w | 
| Altar of Storms | 2 | 360 | / | 100 | 
| Orc Burrow | 13 | 2080 | / | 520 | 
| Barracks | 1 | 180 | / | 50 | 
| Voodoo Lounge | 2 | 260 | / | 60 | 
| Great Hall | 1 | 385 | / | 185 | 
| War Mill | 2 | 410 | / | 0 | 
| Beastiary | 2 | 290 | / | 280 | 
| Spirit Lodge | 1 | 150 | / | 150 | 
| Tauren Totem | 1 | 135 | / | 155 | 
| Stronghold | 1 | 315 | / | 190 | 
| Fortress | 1 | 325 | / | 190 | 
| total: | 25 | 4250g | / | 1500w | 
| 0:01 | Peon | 
| 0:04 | Altar of Storms | 
| 0:06 | Altar of Storms | 
| 0:09 | Peon | 
| 0:16 | Orc Burrow | 
| 0:22 | Peon | 
| 0:36 | Barracks | 
| 0:43 | Peon | 
| 0:53 | Peon | 
| 1:11 | Peon | 
| 1:24 | Orc Burrow | 
| 1:40 | Peon | 
| 1:44 | Grunt | 
| 1:52 | Peon | 
| 2:03 | Peon | 
| 2:06 | Voodoo Lounge | 
| 2:17 | Feral Spirit | 
| 2:33 | Grunt | 
| 2:35 | Peon | 
| 2:59 | Stronghold | 
| 3:15 | Healing Salve | 
| 3:16 | Lesser Clarity Potion | 
| 3:36 | Grunt | 
| 3:47 | Grunt | 
| 4:19 | Chain Lighting | 
| 4:29 | Grunt | 
| 4:39 | Orc Burrow | 
| 5:00 | Grunt | 
| 5:36 | Berserker Strength | 
| 5:40 | Beastiary | 
| 5:43 | Peon | 
| 5:47 | Orc Burrow | 
| 6:11 | Feral Spirit | 
| 6:19 | Spirit Lodge | 
| 6:23 | Orc Burrow | 
| 6:30 | Healing Salve | 
| 6:30 | Healing Salve | 
| 6:39 | Healing Wave | 
| 6:53 | Raider | 
| 6:54 | Ensnare | 
| 7:36 | Scroll of Healing | 
| 7:44 | Raider | 
| 7:46 | Shaman | 
| 7:46 | Shaman Adept Training | 
| 8:11 | Fortress | 
| 9:55 | Shaman | 
| 9:57 | Tauren Totem | 
| 10:03 | Great Hall | 
| 10:30 | Raider | 
| 10:32 | War Mill | 
| 10:34 | War Mill | 
| 10:35 | Peon | 
| 10:49 | Shaman | 
| 10:49 | Shaman Master Training | 
| 10:56 | Hex | 
| 11:33 | Shaman | 
| 11:35 | Grunt | 
| 11:41 | Healing Wave | 
| 11:45 | Orc Burrow | 
| 11:47 | Steel Armor | 
| 11:59 | Troll Headhunter | 
| 11:59 | Berserker Upgrade | 
| 12:39 | Pulverize | 
| 12:55 | Peon | 
| 12:55 | Peon | 
| 12:57 | Thorium Armor | 
| 13:13 | Far Sight | 
| 13:39 | Orc Burrow | 
| 13:40 | Peon | 
| 13:56 | Peon | 
| 13:57 | Peon | 
| 13:57 | Peon | 
| 14:49 | Peon | 
| 14:51 | Orc Burrow | 
| 14:55 | Tauren | 
| 14:56 | Troll Headhunter | 
| 15:00 | Orc Burrow | 
| 16:03 | Tauren | 
| 16:04 | Shaman | 
| 16:05 | Troll Berserker | 
| 16:09 | Peon | 
| 16:09 | Peon | 
| 16:12 | Voodoo Lounge | 
| 17:14 | Raider | 
| 17:16 | Arcanite Armor | 
| 17:41 | Tauren | 
| 18:14 | Raider | 
| 18:19 | Beastiary | 
| 18:59 | Tauren | 
| 19:01 | Troll Berserker | 
| 19:24 | Potion of Mana | 
| 19:25 | Lesser Clarity Potion | 
| 19:25 | Healing Salve | 
| 19:25 | Healing Salve | 
| 19:43 | Steel Melee Weapons | 
| 19:43 | Reinforced Defenses | 
| 20:10 | Troll Regeneration | 
| 20:16 | Serpent Ward | 
| 20:25 | Troll Berserker | 
| 21:26 | Orc Burrow | 
| 21:28 | Orc Burrow | 
| 22:02 | Scroll of Healing | 
| 22:02 | Scroll of Healing | 
| 22:09 | Spiked Barricades | 
| 22:31 | Tauren | 
| 22:32 | Shaman | 
| 22:34 | Troll Berserker | 
| 23:43 | Potion of Mana | 
| 23:44 | Potion of Mana | 
| 24:55 | Tauren | 
| 24:56 | Troll Witch Doctor | 
| 24:57 | Shaman | 
| 25:10 | Troll Berserker | 
| 25:11 | Shaman | 
| 25:23 | Tauren | 
| 25:37 | Shaman | 
| 25:37 | Troll Berserker | 
| 26:36 | Thorium Melee Weapons | 
| 28:35 | Healing Wave | 
| 28:39 | Shaman | 
| 28:41 | Raider | 
| 28:52 | Troll Berserker | 
| 29:24 | Tauren | 
| 29:36 | Arcanite Melee Weapons | 
| 29:49 | Scroll of Healing | 
| 29:49 | Scroll of Healing | 
| 29:52 | Potion of Lesser Invulnerability | 
| 30:17 | Healing Salve | 
| 30:17 | Healing Salve | 
| 32:09 | Troll Batrider | 
| 33:01 | Peon | 
| 33:26 | Orc Burrow | 
| 33:26 | Orc Burrow | 
| 34:24 | Feral Spirit | 
| 34:50 | Tauren | 
| 34:53 | Troll Berserker | 
| 34:55 | Troll Batrider | 
| 35:26 | Troll Batrider | 
| 35:27 | Troll Berserker | 
| 37:21 | Scroll of Healing | 
| 37:45 | Healing Salve | 
| 37:45 | Healing Salve | 
| 37:57 | Troll Batrider | 
| 39:40 | Raider | 
| 39:43 | Healing Salve | 
| 42:06 | Shaman | 
| 42:08 | Tauren | 
| 42:20 | Raider | 
| 44:17 | Healing Salve | 
| 44:17 | Healing Salve | 
| 44:17 | Lesser Clarity Potion | 
| 44:18 | Potion of Mana | 
| 45:28 | Hex | 
| Select group | 3933 | 
| Right click | 3015 | 
| Select | 952 | 
| Misc. action | 376 | 
| Use ability | 194 | 
| Build/train/purchase | 188 | 
| Assign group | 88 | 
| Chat | 12 | 
| Esc | 8 | 
| Resource trade | 6 | 
| Minimap ping | 4 | 
 97 units @ 7.8k
            
            
                97 units @ 7.8k  / 0.2k
 / 0.2k  360 buildings @ 20.5k
            
            
                360 buildings @ 20.5k  / 10.8k
 / 10.8k  
            
        


 
                         
                             
                             
                             
                         
                             
                             
                         
                            | Mechanical Critter | 2 | 100 | 
| Lesser Clarity Potion | 2 | 140 | 
| Staff of Sanctuary | 3 | 750 | 
| Scroll of Regeneration | 3 | 300 | 
| Potion of Healing | 1 | 150 | 
| Ivory Tower | 5 | 200 | 
| Scroll of Town Portal | 4 | 1400 | 
| Staff of Teleportation | 2 | 300 | 
| Boots of Speed | 3 | 750 | 
| Periapt of Vitality | 1 | 325 | 
| Potion of Invisibility | 1 | 100 | 
| Moonstone | 1 | 50 | 
| Staff of Preservation | 1 | 150 | 
| total: | 29 | 4715g | 
| Peasant | 48 | 3600 | / | 0 | 
| Sorceress | 2 | 310 | / | 40 | 
| Priest | 1 | 135 | / | 10 | 
| Gryphon Rider | 1 | 280 | / | 70 | 
| Dragonhawk Rider | 3 | 600 | / | 90 | 
| total: | 55 | 4925g | / | 210w | 
| Scout Tower | 129 | 3870 | / | 2580 | 
| Arcane Tower | 4 | 280 | / | 200 | 
| Guard Tower | 21 | 1470 | / | 1050 | 
| Altar of Kings | 1 | 180 | / | 50 | 
| Farm | 11 | 880 | / | 220 | 
| Arcane Vault | 4 | 520 | / | 120 | 
| Lumber Mill | 1 | 120 | / | 0 | 
| Town Hall | 12 | 4620 | / | 2460 | 
| Blacksmith | 3 | 420 | / | 180 | 
| Arcane Sanctum | 1 | 150 | / | 140 | 
| Gryphon Aviary | 3 | 420 | / | 450 | 
| Keep | 2 | 640 | / | 420 | 
| Castle | 1 | 360 | / | 210 | 
| total: | 165 | 11180g | / | 6200w | 
| 0:03 | Peasant | 
| 0:03 | Peasant | 
| 0:07 | Altar of Kings | 
| 0:09 | Farm | 
| 0:15 | Peasant | 
| 0:38 | Peasant | 
| 0:43 | Arcane Vault | 
| 0:57 | Peasant | 
| 0:57 | Peasant | 
| 1:02 | Farm | 
| 1:06 | Peasant | 
| 1:16 | Peasant | 
| 1:24 | Scout Tower | 
| 1:29 | Peasant | 
| 1:36 | Farm | 
| 1:43 | Scout Tower | 
| 1:45 | Peasant | 
| 1:45 | Peasant | 
| 1:57 | Flame Strike | 
| 2:00 | Peasant | 
| 2:03 | Mechanical Critter | 
| 2:03 | Mechanical Critter | 
| 2:03 | Lesser Clarity Potion | 
| 2:04 | Lesser Clarity Potion | 
| 2:28 | Arcane Tower | 
| 2:29 | Scout Tower | 
| 2:32 | Peasant | 
| 2:32 | Peasant | 
| 2:54 | Peasant | 
| 2:59 | Lumber Mill | 
| 3:01 | Scout Tower | 
| 3:01 | Scout Tower | 
| 3:18 | Peasant | 
| 3:19 | Peasant | 
| 3:22 | Scout Tower | 
| 4:23 | Peasant | 
| 4:23 | Peasant | 
| 4:24 | Guard Tower | 
| 4:57 | Keep | 
| 5:00 | Scout Tower | 
| 5:03 | Scout Tower | 
| 5:04 | Scout Tower | 
| 5:06 | Scout Tower | 
| 5:08 | Scout Tower | 
| 5:10 | Scout Tower | 
| 5:13 | Improved Masonry | 
| 5:29 | Guard Tower | 
| 5:31 | Guard Tower | 
| 5:37 | Guard Tower | 
| 5:42 | Arcane Tower | 
| 5:59 | Guard Tower | 
| 6:31 | Town Hall | 
| 6:44 | Scout Tower | 
| 6:46 | Scout Tower | 
| 6:47 | Scout Tower | 
| 7:44 | Castle | 
| 7:57 | Peasant | 
| 7:57 | Peasant | 
| 7:57 | Peasant | 
| 7:57 | Peasant | 
| 8:20 | Arcane Vault | 
| 8:38 | Guard Tower | 
| 8:39 | Advanced Masonry | 
| 8:40 | Improved Lumber Harvesting | 
| 8:41 | Arcane Sanctum | 
| 8:56 | Moonstone | 
| 8:57 | Staff of Preservation | 
| 9:13 | Scout Tower | 
| 9:13 | Scout Tower | 
| 9:14 | Scout Tower | 
| 9:14 | Scout Tower | 
| 9:43 | Guard Tower | 
| 9:54 | Peasant | 
| 9:54 | Peasant | 
| 9:59 | Scout Tower | 
| 10:02 | Peasant | 
| 10:06 | Guard Tower | 
| 10:10 | Staff of Sanctuary | 
| 10:11 | Scroll of Town Portal | 
| 10:16 | Blizzard | 
| 10:21 | Farm | 
| 10:24 | Magic Sentry | 
| 10:25 | Sorceress Adept Training | 
| 10:26 | Sorceress | 
| 10:44 | Scout Tower | 
| 10:45 | Scout Tower | 
| 10:48 | Scout Tower | 
| 10:49 | Scout Tower | 
| 10:49 | Scout Tower | 
| 11:17 | Scroll of Regeneration | 
| 11:17 | Potion of Healing | 
| 11:19 | Ivory Tower | 
| 11:20 | Ivory Tower | 
| 11:25 | Guard Tower | 
| 11:31 | Guard Tower | 
| 12:09 | Peasant | 
| 12:09 | Peasant | 
| 12:10 | Peasant | 
| 12:10 | Peasant | 
| 12:10 | Peasant | 
| 12:12 | Farm | 
| 12:13 | Farm | 
| 12:22 | Staff of Teleportation | 
| 12:23 | Boots of Speed | 
| 12:23 | Boots of Speed | 
| 12:29 | Sorceress Master Training | 
| 12:30 | Priest Adept Training | 
| 12:41 | Scout Tower | 
| 12:42 | Scout Tower | 
| 12:43 | Scout Tower | 
| 12:44 | Scout Tower | 
| 12:45 | Scout Tower | 
| 12:47 | Scout Tower | 
| 12:49 | Scout Tower | 
| 12:49 | Scout Tower | 
| 12:51 | Scout Tower | 
| 12:51 | Scout Tower | 
| 12:52 | Scout Tower | 
| 12:52 | Scout Tower | 
| 12:53 | Scout Tower | 
| 12:53 | Scout Tower | 
| 12:54 | Scout Tower | 
| 12:56 | Scroll of Regeneration | 
| 13:08 | Scout Tower | 
| 13:08 | Scout Tower | 
| 13:08 | Scout Tower | 
| 13:09 | Scout Tower | 
| 13:10 | Scout Tower | 
| 13:11 | Scout Tower | 
| 13:12 | Scout Tower | 
| 13:12 | Scout Tower | 
| 13:26 | Guard Tower | 
| 13:38 | Guard Tower | 
| 13:49 | Town Hall | 
| 13:57 | Scout Tower | 
| 13:57 | Scout Tower | 
| 13:57 | Scout Tower | 
| 13:58 | Scout Tower | 
| 13:58 | Scout Tower | 
| 13:59 | Scout Tower | 
| 13:59 | Scout Tower | 
| 14:00 | Scout Tower | 
| 14:00 | Scout Tower | 
| 14:01 | Scout Tower | 
| 14:13 | Rain of Fire | 
| 14:34 | Guard Tower | 
| 14:37 | Guard Tower | 
| 14:41 | Scout Tower | 
| 14:41 | Scout Tower | 
| 14:41 | Scout Tower | 
| 14:42 | Scout Tower | 
| 14:43 | Scout Tower | 
| 14:44 | Scout Tower | 
| 14:44 | Scout Tower | 
| 14:44 | Scout Tower | 
| 14:45 | Scout Tower | 
| 14:45 | Scout Tower | 
| 14:46 | Scout Tower | 
| 14:47 | Scout Tower | 
| 14:48 | Scout Tower | 
| 14:49 | Scout Tower | 
| 14:51 | Staff of Sanctuary | 
| 15:15 | Guard Tower | 
| 15:53 | Peasant | 
| 15:53 | Peasant | 
| 15:53 | Peasant | 
| 15:53 | Peasant | 
| 15:54 | Peasant | 
| 16:04 | Farm | 
| 16:13 | Staff of Sanctuary | 
| 16:55 | Town Hall | 
| 17:00 | Farm | 
| 17:01 | Gryphon Aviary | 
| 17:02 | Gryphon Aviary | 
| 17:05 | Gryphon Aviary | 
| 17:15 | Scout Tower | 
| 17:15 | Scout Tower | 
| 17:16 | Scout Tower | 
| 17:17 | Scout Tower | 
| 17:17 | Scout Tower | 
| 17:19 | Scout Tower | 
| 17:19 | Scout Tower | 
| 17:20 | Scout Tower | 
| 18:12 | Town Hall | 
| 18:16 | Peasant | 
| 18:16 | Peasant | 
| 18:18 | Cloud | 
| 18:19 | Storm Hammers | 
| 18:21 | Farm | 
| 18:21 | Farm | 
| 18:21 | Farm | 
| 18:36 | Keep | 
| 18:47 | Guard Tower | 
| 19:03 | Scout Tower | 
| 19:04 | Scout Tower | 
| 19:04 | Scout Tower | 
| 19:04 | Scout Tower | 
| 19:05 | Scout Tower | 
| 19:05 | Scout Tower | 
| 19:06 | Scout Tower | 
| 19:06 | Scout Tower | 
| 19:07 | Scout Tower | 
| 19:08 | Scout Tower | 
| 19:29 | Imbued Masonry | 
| 19:30 | Advanced Lumber Harvesting | 
| 19:32 | Blacksmith | 
| 19:33 | Blacksmith | 
| 19:34 | Blacksmith | 
| 19:42 | Peasant | 
| 20:05 | Priest Master Training | 
| 20:05 | Priest | 
| 20:37 | Boots of Speed | 
| 20:38 | Staff of Teleportation | 
| 20:38 | Periapt of Vitality | 
| 21:07 | Town Hall | 
| 21:27 | Peasant | 
| 21:27 | Peasant | 
| 21:34 | Scout Tower | 
| 21:35 | Scout Tower | 
| 21:35 | Scout Tower | 
| 21:38 | Scout Tower | 
| 21:50 | Siphon Mana | 
| 22:11 | Arcane Vault | 
| 22:26 | Guard Tower | 
| 22:29 | Town Hall | 
| 22:57 | Town Hall | 
| 23:13 | Scout Tower | 
| 23:14 | Scout Tower | 
| 23:15 | Scout Tower | 
| 23:15 | Scout Tower | 
| 23:31 | Scout Tower | 
| 23:31 | Scout Tower | 
| 23:31 | Scout Tower | 
| 23:32 | Scout Tower | 
| 23:32 | Scout Tower | 
| 23:32 | Scout Tower | 
| 23:32 | Scout Tower | 
| 23:33 | Scout Tower | 
| 23:33 | Scout Tower | 
| 23:33 | Scout Tower | 
| 23:34 | Scout Tower | 
| 23:37 | Brilliance Aura | 
| 23:59 | Guard Tower | 
| 24:11 | Gryphon Rider | 
| 24:51 | Peasant | 
| 24:51 | Peasant | 
| 24:52 | Peasant | 
| 24:52 | Peasant | 
| 24:52 | Peasant | 
| 25:46 | Guard Tower | 
| 25:48 | Arcane Vault | 
| 26:21 | Scout Tower | 
| 26:26 | Dragonhawk Rider | 
| 26:26 | Dragonhawk Rider | 
| 26:48 | Scout Tower | 
| 26:48 | Scout Tower | 
| 26:49 | Scout Tower | 
| 26:49 | Scout Tower | 
| 26:49 | Scout Tower | 
| 26:50 | Scout Tower | 
| 27:10 | Guard Tower | 
| 28:01 | Town Hall | 
| 28:27 | Dragonhawk Rider | 
| 29:01 | Flame Strike | 
| 29:20 | Town Hall | 
| 30:10 | Town Hall | 
| 30:39 | Scroll of Town Portal | 
| 31:03 | Arcane Tower | 
| 32:22 | Siphon Mana | 
| 33:43 | Town Hall | 
| 34:12 | Flame Strike | 
| 34:30 | Summon Phoenix | 
| 34:48 | Scroll of Regeneration | 
| 34:51 | Scroll of Town Portal | 
| 35:11 | Ivory Tower | 
| 35:28 | Town Hall | 
| 37:29 | Scout Tower | 
| 37:31 | Scout Tower | 
| 37:32 | Scout Tower | 
| 37:33 | Scout Tower | 
| 37:34 | Scout Tower | 
| 37:34 | Scout Tower | 
| 37:35 | Scout Tower | 
| 37:36 | Scout Tower | 
| 37:36 | Scout Tower | 
| 37:37 | Scout Tower | 
| 37:38 | Scout Tower | 
| 37:38 | Scout Tower | 
| 37:39 | Scout Tower | 
| 38:31 | Peasant | 
| 38:31 | Peasant | 
| 39:39 | Iron Forged Swords | 
| 39:39 | Studded Leather Armor | 
| 39:48 | Guard Tower | 
| 40:53 | Arcane Tower | 
| 41:50 | Sorceress | 
| 42:01 | Scroll of Town Portal | 
| 42:01 | Potion of Invisibility | 
| 43:05 | Siphon Mana | 
| 44:43 | Ivory Tower | 
| 44:44 | Ivory Tower | 
| Right click | 2261 | 
| Select | 632 | 
| Select group | 509 | 
| Build/train/purchase | 217 | 
| Use ability | 144 | 
| Misc. action | 84 | 
| Chat | 46 | 
| Assign group | 45 | 
| Esc | 18 | 
| Item give/drop | 8 | 



 
                         x1)
 x1) 
                             
                             
                         
                             
                             
                         
                             
                            | Staff of Sanctuary | 3 | 750 | 
| Scroll of Regeneration | 1 | 100 | 
| Boots of Speed | 3 | 750 | 
| Staff of Teleportation | 4 | 600 | 
| Tome of Retraining | 1 | 300 | 
| Periapt of Vitality | 1 | 325 | 
| Circlet of Nobility | 1 | 175 | 
| Orb of Venom | 3 | 975 | 
| total: | 17 | 3975g | 
| Peasant | 12 | 900 | / | 0 | 
| Priest | 1 | 135 | / | 10 | 
| Sorceress | 1 | 155 | / | 20 | 
| total: | 14 | 1190g | / | 30w | 
| Scout Tower | 168 | 5040 | / | 3360 | 
| Arcane Tower | 12 | 840 | / | 600 | 
| Guard Tower | 45 | 3150 | / | 2250 | 
| Altar of Kings | 1 | 180 | / | 50 | 
| Farm | 4 | 320 | / | 80 | 
| Lumber Mill | 1 | 120 | / | 0 | 
| Arcane Vault | 3 | 390 | / | 90 | 
| Arcane Sanctum | 1 | 150 | / | 140 | 
| Keep | 1 | 320 | / | 210 | 
| Castle | 1 | 360 | / | 210 | 
| total: | 178 | 6200g | / | 3720w | 
| 0:03 | Peasant | 
| 0:03 | Peasant | 
| 0:11 | Altar of Kings | 
| 0:18 | Peasant | 
| 0:21 | Farm | 
| 0:35 | Lumber Mill | 
| 0:48 | Peasant | 
| 0:53 | Farm | 
| 1:06 | Peasant | 
| 1:11 | Scout Tower | 
| 1:13 | Peasant | 
| 1:24 | Scout Tower | 
| 1:25 | Scout Tower | 
| 1:26 | Peasant | 
| 1:31 | Scout Tower | 
| 1:33 | Peasant | 
| 1:48 | Arcane Tower | 
| 2:02 | Scout Tower | 
| 2:03 | Guard Tower | 
| 2:08 | Arcane Tower | 
| 2:24 | Summon Water Elemental | 
| 2:33 | Scout Tower | 
| 2:34 | Scout Tower | 
| 2:35 | Guard Tower | 
| 2:36 | Scout Tower | 
| 2:38 | Guard Tower | 
| 2:38 | Scout Tower | 
| 2:39 | Scout Tower | 
| 2:39 | Peasant | 
| 2:40 | Peasant | 
| 2:40 | Peasant | 
| 2:40 | Peasant | 
| 2:56 | Improved Masonry | 
| 3:07 | Guard Tower | 
| 3:10 | Guard Tower | 
| 3:12 | Scout Tower | 
| 3:27 | Guard Tower | 
| 3:28 | Scout Tower | 
| 3:29 | Scout Tower | 
| 4:15 | Keep | 
| 4:16 | Guard Tower | 
| 4:18 | Scout Tower | 
| 4:19 | Scout Tower | 
| 4:23 | Guard Tower | 
| 4:25 | Scout Tower | 
| 4:25 | Scout Tower | 
| 4:45 | Farm | 
| 4:48 | Guard Tower | 
| 4:51 | Scout Tower | 
| 4:51 | Scout Tower | 
| 4:52 | Scout Tower | 
| 5:03 | Brilliance Aura | 
| 5:34 | Guard Tower | 
| 5:35 | Scout Tower | 
| 5:36 | Scout Tower | 
| 5:36 | Scout Tower | 
| 5:37 | Scout Tower | 
| 5:41 | Guard Tower | 
| 6:11 | Scout Tower | 
| 6:12 | Scout Tower | 
| 6:12 | Scout Tower | 
| 6:13 | Scout Tower | 
| 6:13 | Scout Tower | 
| 6:13 | Scout Tower | 
| 6:14 | Scout Tower | 
| 6:14 | Scout Tower | 
| 6:16 | Guard Tower | 
| 6:18 | Scout Tower | 
| 6:18 | Scout Tower | 
| 6:19 | Scout Tower | 
| 6:19 | Scout Tower | 
| 6:20 | Scout Tower | 
| 6:20 | Scout Tower | 
| 6:38 | Guard Tower | 
| 6:45 | Boots of Speed | 
| 6:45 | Staff of Teleportation | 
| 6:57 | Arcane Tower | 
| 6:59 | Guard Tower | 
| 7:03 | Advanced Masonry | 
| 7:08 | Scout Tower | 
| 7:09 | Scout Tower | 
| 7:09 | Scout Tower | 
| 7:11 | Castle | 
| 7:11 | Guard Tower | 
| 8:30 | Guard Tower | 
| 8:32 | Guard Tower | 
| 8:32 | Scout Tower | 
| 8:33 | Scout Tower | 
| 8:34 | Scout Tower | 
| 8:34 | Scout Tower | 
| 8:34 | Scout Tower | 
| 8:42 | Farm | 
| 8:49 | Arcane Sanctum | 
| 8:55 | Storm Bolt | 
| 9:45 | Guard Tower | 
| 9:46 | Guard Tower | 
| 9:47 | Scout Tower | 
| 9:48 | Scout Tower | 
| 9:56 | Arcane Vault | 
| 9:58 | Arcane Vault | 
| 10:38 | Magic Sentry | 
| 11:00 | Guard Tower | 
| 11:11 | Staff of Sanctuary | 
| 11:13 | Staff of Sanctuary | 
| 11:15 | Holy Light | 
| 11:35 | Boots of Speed | 
| 11:41 | Staff of Teleportation | 
| 12:25 | Arcane Vault | 
| 12:29 | Scout Tower | 
| 12:30 | Scout Tower | 
| 12:31 | Scout Tower | 
| 12:31 | Scout Tower | 
| 12:33 | Imbued Masonry | 
| 12:37 | Scout Tower | 
| 12:38 | Scout Tower | 
| 12:38 | Scout Tower | 
| 12:38 | Scout Tower | 
| 12:39 | Scout Tower | 
| 12:39 | Scout Tower | 
| 13:25 | Guard Tower | 
| 13:29 | Summon Water Elemental | 
| 14:08 | Bash | 
| 14:26 | Guard Tower | 
| 14:27 | Scout Tower | 
| 14:28 | Scout Tower | 
| 14:28 | Scout Tower | 
| 14:42 | Staff of Sanctuary | 
| 14:52 | Guard Tower | 
| 14:55 | Scout Tower | 
| 14:55 | Scout Tower | 
| 14:56 | Scout Tower | 
| 14:56 | Scout Tower | 
| 14:57 | Scout Tower | 
| 14:57 | Scout Tower | 
| 14:58 | Scout Tower | 
| 14:58 | Scout Tower | 
| 14:59 | Scout Tower | 
| 14:59 | Scout Tower | 
| 15:00 | Scout Tower | 
| 15:00 | Scout Tower | 
| 15:01 | Scout Tower | 
| 15:01 | Scout Tower | 
| 15:02 | Scout Tower | 
| 15:03 | Scout Tower | 
| 15:06 | Boots of Speed | 
| 15:06 | Staff of Teleportation | 
| 15:13 | Staff of Teleportation | 
| 16:30 | Priest | 
| 16:48 | Scroll of Regeneration | 
| 16:55 | Arcane Tower | 
| 16:56 | Guard Tower | 
| 16:58 | Guard Tower | 
| 16:59 | Scout Tower | 
| 17:00 | Scout Tower | 
| 17:00 | Scout Tower | 
| 17:25 | Guard Tower | 
| 17:26 | Scout Tower | 
| 17:27 | Scout Tower | 
| 17:28 | Scout Tower | 
| 17:28 | Scout Tower | 
| 17:30 | Scout Tower | 
| 17:30 | Scout Tower | 
| 17:31 | Scout Tower | 
| 17:31 | Scout Tower | 
| 17:31 | Scout Tower | 
| 17:32 | Scout Tower | 
| 17:41 | Divine Shield | 
| 18:41 | Guard Tower | 
| 18:42 | Scout Tower | 
| 18:42 | Scout Tower | 
| 18:42 | Scout Tower | 
| 18:43 | Scout Tower | 
| 18:43 | Scout Tower | 
| 18:44 | Scout Tower | 
| 18:44 | Scout Tower | 
| 18:44 | Scout Tower | 
| 18:45 | Scout Tower | 
| 18:45 | Scout Tower | 
| 18:45 | Scout Tower | 
| 18:46 | Scout Tower | 
| 19:21 | Guard Tower | 
| 19:22 | Guard Tower | 
| 19:23 | Guard Tower | 
| 19:30 | Guard Tower | 
| 19:59 | Guard Tower | 
| 20:00 | Scout Tower | 
| 20:01 | Scout Tower | 
| 20:01 | Scout Tower | 
| 20:02 | Scout Tower | 
| 20:02 | Scout Tower | 
| 20:03 | Scout Tower | 
| 20:03 | Scout Tower | 
| 20:03 | Scout Tower | 
| 20:04 | Scout Tower | 
| 20:04 | Scout Tower | 
| 20:09 | Guard Tower | 
| 20:15 | Guard Tower | 
| 20:17 | Scout Tower | 
| 20:17 | Scout Tower | 
| 20:18 | Scout Tower | 
| 20:18 | Scout Tower | 
| 20:19 | Scout Tower | 
| 20:19 | Scout Tower | 
| 20:20 | Scout Tower | 
| 20:20 | Scout Tower | 
| 20:20 | Scout Tower | 
| 20:21 | Scout Tower | 
| 20:21 | Scout Tower | 
| 20:22 | Scout Tower | 
| 20:22 | Scout Tower | 
| 20:22 | Scout Tower | 
| 20:59 | Guard Tower | 
| 21:00 | Guard Tower | 
| 21:20 | Tome of Retraining | 
| 21:20 | Retrain Hero | 
| 21:21 | Periapt of Vitality | 
| 21:22 | Circlet of Nobility | 
| 21:35 | Blizzard | 
| 21:35 | Brilliance Aura | 
| 21:35 | Blizzard | 
| 21:45 | Guard Tower | 
| 22:07 | Guard Tower | 
| 22:08 | Guard Tower | 
| 22:13 | Scout Tower | 
| 22:13 | Scout Tower | 
| 22:13 | Scout Tower | 
| 22:14 | Scout Tower | 
| 22:14 | Scout Tower | 
| 22:15 | Scout Tower | 
| 22:15 | Scout Tower | 
| 22:16 | Scout Tower | 
| 22:16 | Scout Tower | 
| 22:16 | Scout Tower | 
| 22:44 | Guard Tower | 
| 23:24 | Guard Tower | 
| 23:34 | Scout Tower | 
| 23:35 | Scout Tower | 
| 23:36 | Scout Tower | 
| 23:36 | Scout Tower | 
| 23:37 | Scout Tower | 
| 23:37 | Scout Tower | 
| 23:38 | Scout Tower | 
| 23:38 | Scout Tower | 
| 23:39 | Scout Tower | 
| 23:39 | Scout Tower | 
| 23:39 | Scout Tower | 
| 23:40 | Scout Tower | 
| 23:41 | Priest Adept Training | 
| 23:42 | Sorceress Adept Training | 
| 23:43 | Sorceress | 
| 23:58 | Scout Tower | 
| 23:58 | Scout Tower | 
| 23:59 | Scout Tower | 
| 23:59 | Scout Tower | 
| 24:00 | Scout Tower | 
| 24:00 | Scout Tower | 
| 24:02 | Scout Tower | 
| 24:03 | Scout Tower | 
| 24:03 | Scout Tower | 
| 24:04 | Scout Tower | 
| 24:04 | Scout Tower | 
| 24:05 | Scout Tower | 
| 24:05 | Scout Tower | 
| 24:06 | Scout Tower | 
| 24:06 | Scout Tower | 
| 24:39 | Storm Bolt | 
| 25:16 | Guard Tower | 
| 25:21 | Guard Tower | 
| 25:24 | Scout Tower | 
| 25:24 | Scout Tower | 
| 25:24 | Scout Tower | 
| 25:25 | Scout Tower | 
| 25:25 | Scout Tower | 
| 25:40 | Guard Tower | 
| 25:48 | Arcane Tower | 
| 25:48 | Arcane Tower | 
| 26:10 | Arcane Tower | 
| 26:28 | Brilliance Aura | 
| 26:57 | Arcane Tower | 
| 26:57 | Arcane Tower | 
| 26:59 | Brilliance Aura | 
| 28:15 | Holy Light | 
| 30:01 | Arcane Tower | 
| 30:28 | Guard Tower | 
| 33:24 | Bash | 
| 38:43 | Brilliance Aura | 
| 39:22 | Orb of Venom | 
| 39:22 | Orb of Venom | 
| 42:26 | Divine Shield | 
| 44:25 | Orb of Venom | 
| 45:40 | Holy Light | 
| Right click | 3789 | 
| Select | 919 | 
| Select group | 767 | 
| Build/train/purchase | 413 | 
| Use ability | 175 | 
| Chat | 103 | 
| Minimap ping | 27 | 
| Assign group | 24 | 
| Misc. action | 10 | 
| Item give/drop | 5 | 



 
                         
                             
                             
                             
                         
                             
                             
                         
                             
                            | Orb of Venom | 1 | 325 | 
| Boots of Speed | 3 | 750 | 
| Staff of Teleportation | 3 | 450 | 
| Circlet of Nobility | 1 | 175 | 
| Staff of Sanctuary | 3 | 750 | 
| Orb of Fire | 1 | 325 | 
| total: | 12 | 2775g | 
| Wisp | 28 | 1680 | / | 0 | 
| total: | 28 | 1680g | / | 0w | 
| Altar of Elders | 2 | 360 | / | 100 | 
| Moon Well | 12 | 2160 | / | 480 | 
| Ancient of Wonders | 1 | 90 | / | 30 | 
| Hunter's Hall | 1 | 210 | / | 100 | 
| Tree of Life | 1 | 340 | / | 185 | 
| Tree of Ages | 2 | 640 | / | 360 | 
| Tree of Eternity | 2 | 660 | / | 400 | 
| total: | 17 | 3160g | / | 895w | 
| 0:02 | Wisp | 
| 0:03 | Wisp | 
| 0:04 | Altar of Elders | 
| 0:17 | Moon Well | 
| 0:27 | Wisp | 
| 0:33 | Moon Well | 
| 0:41 | Wisp | 
| 0:47 | Wisp | 
| 0:57 | Wisp | 
| 1:18 | Wisp | 
| 1:27 | Wisp | 
| 1:39 | Wisp | 
| 1:46 | Wisp | 
| 1:56 | Wisp | 
| 2:04 | Shadow Strike | 
| 2:17 | Wisp | 
| 2:43 | Wisp | 
| 2:43 | Wisp | 
| 2:44 | Wisp | 
| 2:44 | Wisp | 
| 2:44 | Wisp | 
| 3:51 | Wisp | 
| 3:51 | Wisp | 
| 3:56 | Ancient of Wonders | 
| 4:06 | Blink | 
| 4:29 | Tree of Ages | 
| 4:47 | Boots of Speed | 
| 4:47 | Staff of Teleportation | 
| 5:48 | Moon Well | 
| 6:22 | Moon Well | 
| 6:55 | Wisp | 
| 6:55 | Wisp | 
| 7:55 | Entangling Roots | 
| 8:08 | Hunter's Hall | 
| 9:44 | Tree of Eternity | 
| 10:01 | Boots of Speed | 
| 10:02 | Staff of Teleportation | 
| 11:20 | Staff of Sanctuary | 
| 11:42 | Shadow Strike | 
| 12:17 | Ultravision | 
| 12:17 | Well Spring | 
| 12:27 | Thorns Aura | 
| 12:43 | Wisp | 
| 12:43 | Wisp | 
| 13:16 | Frost Arrows | 
| 14:25 | Tree of Life | 
| 14:37 | Nature's Blessing | 
| 14:45 | Orb of Venom | 
| 15:06 | Boots of Speed | 
| 15:06 | Staff of Teleportation | 
| 15:07 | Circlet of Nobility | 
| 16:58 | Staff of Sanctuary | 
| 17:09 | Altar of Elders | 
| 17:15 | Wisp | 
| 17:15 | Wisp | 
| 17:15 | Wisp | 
| 17:16 | Wisp | 
| 17:16 | Wisp | 
| 18:33 | Forked Lightning | 
| 19:19 | Moon Well | 
| 19:20 | Moon Well | 
| 19:22 | Moon Well | 
| 19:24 | Moon Well | 
| 20:24 | Moon Well | 
| 20:26 | Moon Well | 
| 20:29 | Moon Well | 
| 20:30 | Moon Well | 
| 20:50 | Entangling Roots | 
| 23:53 | Orb of Fire | 
| 24:11 | Blink | 
| 25:34 | Tree of Ages | 
| 27:11 | Frost Arrows | 
| 27:18 | Frost Arrows | 
| 28:38 | Tree of Eternity | 
| 33:17 | Shadow Strike | 
| 37:08 | Thorns Aura | 
| 38:44 | Forked Lightning | 
| 39:26 | Staff of Sanctuary | 
| 41:20 | Spirit of Vengeance | 
| 45:41 | Entangling Roots | 
| Right click | 3703 | 
| Select group | 885 | 
| Select | 849 | 
| Misc. action | 487 | 
| Resource trade | 249 | 
| Use ability | 230 | 
| Build/train/purchase | 107 | 
| Chat | 80 | 
| Minimap ping | 10 | 
| Assign group | 8 | 
| Item give/drop | 3 | 
| Esc | 2 | 
| Remove unit | 1 | 
 
 
 
